 Dungeon Crawl Stone Soup version 0.16.1-29-g3e760ad (webtiles) character file.

755 sscrono2 the Covert (level 7, 0/45 HPs)
             Began as an Octopode Assassin on June 11, 2015.
             Slain by sscrono2's ghost (11 damage)
             ... on level 6 of the Dungeon.
             The game lasted 00:17:50 (4445 turns).

sscrono2 the Covert (Octopode Assassin)             Turns: 4445, Time: 00:17:50

Health: 0/45       AC:  1    Str: 10    XL:     7   Next: 79%
Magic:  13/13      EV: 13    Int: 13    God:
Gold:   237        SH:  0    Dex: 16    Spells: 0 memorised, 11 levels left

rFire  . . .     SeeInvis .     a - +2 dagger (drain)
rCold  . . .     Clarity  .     (no shield)
rNeg   . . .     SustAb   .     (helmet restricted)
rPois  .         Gourm    .     t - amulet of faith
rElec  .         Spirit   .     (no ring)
rCorr  .         Warding  .     (no ring)
rMut   .         Stasis   .     (no ring)
MR     .....                    (no ring)
Stlth  ++++++....               (no ring)
                                (no ring)
                                (no ring)
                                (no ring)

@: not resistant to hostile enchantments, very stealthy
A: almost no armour, amphibious, 8 rings, constrict 8, camouflage 1, gelatinous
body 1
a: no special abilities


You were on level 6 of the Dungeon.
You were hungry.

You visited 1 branch of the dungeon, and saw 6 of its levels.

You collected 237 gold pieces.

Inventory:

Hand weapons
 a - a +2 dagger of draining (weapon)
 b - a +0 blowgun
 s - a +2 dagger
Missiles
 e - 11 poisoned needles
 f - a curare-tipped needle
Magical staves
 g - an uncursed staff of conjuration
Jewellery
 q - an uncursed amulet of warding
 t - an amulet of faith (around mantle)
 F - an uncursed amulet of rage {unknown}
Magical devices
 r - a wand of random effects (23)
Scrolls
 d - 5 scrolls of remove curse
 i - 5 scrolls of magic mapping {unknown}
 k - a scroll of random uselessness {unknown}
 n - 2 scrolls of recharging {unknown}
 p - a scroll of fear
 y - a scroll of fog {unknown}
 H - 2 scrolls of identify
Potions
 c - 2 potions of brilliance {unknown}
 h - a potion of degeneration {unknown}
 j - 6 potions of curing
 l - 2 potions of flight {unknown}
 m - 2 potions of agility
 o - 2 potions of magic
 u - 2 potions of restore abilities
 x - a potion of lignification
 z - 2 potions of heal wounds {unknown}
 A - a potion of mutation {unknown}
 C - a potion of might {unknown}
 D - 2 potions of cancellation {unknown}
 G - a potion of poison {unknown}
Books
 w - a book of Transfigurations

   Spells                             Type                      Level
   a - Stoneskin                      Transmutation/Earth          2
   b - Irradiate                      Conjuration/Transmutation    5
   c - Statue Form                    Transmutation/Earth          6
   d - Hydra Form                     Transmutation                6
   e - Dragon Form                    Transmutation                7
Comestibles
 v - 2 fruits
 B - a meat ration
 E - a royal jelly


   Skills:
 + Level 2.8 Fighting
 + Level 3.0 Short Blades
 + Level 3.7 Throwing
 + Level 3.2 Dodging
 + Level 9.1 Stealth
 * Level 2.9 Spellcasting


You had 11 spell levels left.
You didn't know any spells.

Dungeon Overview and Level Annotations

Branches:
Dungeon (6/15)
 Temple: D:4-7

Altars:
Zin

Annotations:
D:5 Menkaure; sscrono2's ghost, average TrMo
D:6 sscrono2's ghost, experienced TrMo


Innate Abilities, Weirdness & Mutations

You cannot wear most types of armour.
You are amphibious.
You can wear up to eight rings at the same time.
You can use your tentacles to constrict many enemies at once.
Your skin changes colour to match your surroundings (Stealth).
Your rubbery body absorbs attacks (AC +1).


Message History

You see here a fuming puce potion.
l - 2 fuming puce potions (gained 1) Sscrono2's ghost hits you!
You see here a scroll labeled UMAN SUHUDUTO.
n - 2 scrolls labeled UMAN SUHUDUTO (gained 1) Sscrono2's ghost hits you!
* * * LOW HITPOINT WARNING * * *
2 orcs come into view.
Found 2 yellow potions.
You see here a thick blue amulet.
F - a thick blue amulet Sscrono2's ghost barely misses you.
An orc comes into view. It is wielding a club.
The orc shouts!
An orc comes into view.
The orc moves out of view.
An orc wizard comes into view. It is wielding a dagger.
You are feeling hungry.
Sscrono2's ghost hits you!
You die...

#.# #.# #.###### #####
#......# #...# ######.#
####... ##.###......
##...##.###.##
#..#.........#
#....##.###@.#
######.#.......W..#####.
.......#................#
######.#.###.#....######
#...(...#!##.#
#.#.#####.# .# #.#.# #.#
.# #.#.# #o# .# #.#.# #o#
.#


You could see sscrono2's ghost and an orc (wandering).

Vanquished Creatures
  2 ogres
  Sigmund (D:2)
  A scorpion (D:4)
  A crimson imp (D:5)
  An orc priest (D:4)
  A hound (D:6)
  3 orc wizards (D:4)
  2 worker ants
  Ijyb (D:2)
  8 gnolls (D:4)
  4 adders (D:2)
  A worm zombie (D:4)
  A shadow imp (D:4)
  2 worms (D:4)
  2 giant geckos
  9 orcs
  4 bats
  A bat skeleton (D:4)
  2 giant cockroaches
  11 goblins
  8 hobgoblins
  4 jackals (D:4)
  2 quokkas (D:2)
  3 giant newts
  A jackal zombie (D:4)
  11 kobolds
  A quokka zombie (D:4)
  8 rats
  A rat zombie (D:4)
97 creatures vanquished.

Notes
Turn   | Place    | Note
--------------------------------------------------------------
     0 | D:1      | sscrono2, the Octopode Assassin, began the quest for the Orb.
     0 | D:1      | Reached XP level 1. HP: 14/14 MP: 1/1
   173 | D:1      | Reached XP level 2. HP: 17/19 MP: 2/2
   800 | D:2      | Reached skill level 6 in Stealth
   800 | D:2      | Reached skill level 1 in Spellcasting
   800 | D:2      | Reached XP level 3. HP: 21/24 MP: 2/4
   813 | D:2      | Noticed Ijyb
   822 | D:2      | Killed Ijyb
   864 | D:2      | Reached XP level 4. HP: 15/29 MP: 6/6
  1001 | D:2      | Noticed Sigmund
  1009 | D:2      | Killed Sigmund
  1009 | D:2      | Reached skill level 7 in Stealth
  1009 | D:2      | Reached XP level 5. HP: 33/35 MP: 7/7
  2041 | D:3      | Noticed an ogre
  2048 | D:3      | Killed an ogre
  2048 | D:3      | Reached XP level 6. HP: 41/41 MP: 7/10
  2747 | D:4      | Reached skill level 8 in Stealth
  2809 | D:4      | Found a glowing silver altar of Zin.
  3393 | D:4      | Reached XP level 7. HP: 19/45 MP: 13/13
  4030 | D:5      | Entered Level 5 of the Dungeon
  4037 | D:5      | Noticed Menkaure
  4295 | D:5      | Noticed sscrono2's ghost (average TrMo)
  4378 | D:6      | Reached skill level 9 in Stealth
  4423 | D:6      | Noticed sscrono2's ghost (experienced TrMo)
  4445 | D:6      | Slain by sscrono2's ghost

Action                   |  1- 3 |  4- 6 |  7- 9 || total
-------------------------+-------+-------+-------++-------
Melee: Dagger            |    39 |    87 |    33 ||   159
       Staff             |       |     1 |       ||     1
 Fire: Blowgun           |       |    44 |    24 ||    68
Evoke: Wand              |       |       |     1 ||     1
  Use: Scroll            |       |     6 |     1 ||     7
       Potion            |       |     1 |       ||     1
 Stab: Sleeping          |    11 |    22 |     9 ||    42
  Eat: Bread ration      |       |     2 |       ||     2
       Pizza             |       |     1 |       ||     1
